 Dungeon Sprint DCSS version 0.17-a0-1701-gf693a3f (webtiles) character file.

4592 Kidiri the Blocker (level 10, 0/96 HPs)
             Began as a Minotaur Fighter on Aug 21, 2015.
             Was an Elder of Okawaru.
             Succumbed to a queen bee's poison
             ... in the Dungeon (Sprint III: "The Ten Rune Challenge").
             The game lasted 00:08:04 (2268 turns).

Kidiri the Blocker (Minotaur Fighter)               Turns: 2268, Time: 00:08:04

Health: 0/96       AC: 14    Str: 22    XL:     10   Next: 18%
Magic:  13/13      EV: 14    Int:  5    God:    Okawaru [****..]
Gold:   24         SH: 13    Dex: 12    Spells: 0 memorised, 9 levels left

rFire  . . .     SeeInvis .     a - +0 flail
rCold  . . .     Clarity  .     b - +0 scale mail
rNeg   . . .     SustAt   .     c - +0 shield
rPois  .         Gourm    .     (helmet restricted)
rElec  .         Spirit   .     g - +2 cloak
rCorr  .         Warding  .     (no gloves)
rMut   .         NoTele   +     (no boots)
MR     .....                    (no amulet)
Stlth  ..........               (no ring)
                                (no ring)

@: lethally poisoned (0 -> -6), not resistant to hostile enchantments, extremely
unstealthy
A: retaliatory headbutt, horns 2, rugged brown scales 1, screaming 2, spit
poison 1
a: Spit Poison, Heroism, Renounce Religion


You were in the Dungeon.
You worshipped Okawaru.
Okawaru was greatly pleased with you.
You were very hungry.

You visited 1 branch You collected 24 gold pieces.

Inventory:

Hand weapons
 a - a +0 flail (weapon)
Armour
 b - a +0 scale mail (worn)
 c - a +0 shield (worn)
 g - a +2 cloak (worn)
Magical devices
 f - a wand of random effects (48)
 o - a wand of frost (11)
Scrolls
 k - a scroll of blinking
 n - a scroll of torment
 p - 2 scrolls of remove curse
 t - 2 scrolls of immolation
Potions
 d - a potion of might
 e - a potion of brilliance {unknown}
 h - a potion of haste
 i - 2 potions of magic
 j - a potion of berserk rage
 r - 4 potions of cure mutation {unknown}
 s - a potion of flight {unknown}
Comestibles
 q - 3 royal jellies


   Skills:
 + Level 10.6 Fighting
 * Level 13.5 Maces & Flails
 * Level 13.8 Armour
 + Level 9.1 Dodging
 * Level 14.2 Shields
 + Level 6.6 Invocations


You had 9 spell levels left.
You didn't know any spells.

Dungeon Overview and Level Annotations

Branches:
Dungeon (1/1)

Altars:
Cheibriados
Dithmenos
Elyvilon
Fedhas
Gozag
Kikubaaqudgha
Makhleb
Nemelex Xobeh
Okawaru
Qazlal
Ru
Sif Muna
Trog
Vehumet
Xom
Yredelemnul
Zin
The Shining One
Jiyva
Lugonu


Innate Abilities, Weirdness & Mutations

You reflexively headbutt those who attack you in melee.
You have a pair of horns on your head.
You are partially covered in rugged brown scales (AC +1, +3% HP).
You sometimes yell uncontrollably at your foes.
You can spit weak poison.


Message History

Unknown command.
You closely miss the queen bee.
The queen bee is almost dead.
* * * LOW HITPOINT WARNING * * *
You feel sick. The queen bee barely misses you. You furiously retaliate!
You headbutt the queen bee.
Unknown command.
You hit the queen bee but do no damage. Your headbutt misses the queen bee.
The queen bee is almost dead.
The queen bee stings you.
* * * LOW HITPOINT WARNING * * *
Unknown command.
You closely miss the queen bee. Your headbutt misses the queen bee.
The queen bee is almost dead.
* * * LOW HITPOINT WARNING * * *
You feel sick.
Unknown command.
You hit the queen bee.
The queen bee is almost dead.
You die...

,********************************
*,,*,,+,*,,,**,,,,+,,,,,,**,,,,,,
,,,,,,*,*,,,**≈≈≈≈**,,**,**,,,,,,
,,,,***,*,,,≈≈≈,,,,,,,,*,**,,,,,,
,,,,,**,*,,,**≈≈≈≈**,,**,**,,,,,,
,*,*,**,+,,,**,,,,+,,,,,,**,,,,,,
,**************************,,,,,,
########################***,,,,,,
≈§§#))...+.#.#.#@y%.%≈≈#,**,,,,,,
§#§#.#...##.#.#.##%.%≈≈#*********
§#.#.#...#.#.#.#.#,%%≈≈≈≈**,,,,,,
§#...#...##.#.#.##,,%≈≈≈≈**,*****
▓▓▓▓▓▓▓▓▓#.#.#.#.#,,,%%%,**,,,,,,
,,,≈≈≈,,,##.#.#.##,,,,%%,********
≈≈≈≈≈**,,+.#.#.#.#,,,,,.,**,,,,,,
*******,,##.#.#.##***************
****#+#####**********,*,*,,


You could see a queen bee.

Vanquished Creatures
  Erica (D)
  A centaur warrior (D)
  An unseen horror (D)
  A deep elf priest (D)
  A shadow (D)
  A spatial vortex (D)
  2 centaurs (D)
  A necrophage (D)
  An earth elemental (D)
  A water elemental (D)
  32 killer bees (D)
  A jelly (D)
  Crazy Yiuf (D)
  Jessica (D)
  A necromancer (D)
  A wizard (D)
  A kobold demonologist (D)
  3 humans (D)
  2 oozes (D)
54 creatures vanquished.

Vanquished Creatures (others)
  2 draconian scorchers (D)
  2 yaktaurs (D)
  An electric eel (D)
  A plant (D)
6 creatures vanquished.

Grand Total: 60 creatures vanquished

Notes
Turn   | Place    | Note
--------------------------------------------------------------
     0 | D        | Kidiri the Minotaur Fighter began the quest for the Orb.
     0 | D        | Reached XP level 1. HP: 19/19 MP: 0/0
     3 | D        | Reached skill level 4 in Armour
     5 | D        | Reached skill level 1 in Dodging
     5 | D        | Reached XP level 2. HP: 25/27 MP: 1/1
    28 | D        | Noticed Jessica
    34 | D        | Killed Jessica
    34 | D        | Reached skill level 5 in Armour
    34 | D        | Reached skill level 5 in Shields
    34 | D        | Reached XP level 3. HP: 30/34 MP: 2/2
   157 | D        | Killed a white draconian scorcher
   202 | D        | Killed a white draconian scorcher
   207 | D        | Noticed Crazy Yiuf
   225 | D        | HP: 1/35 [Crazy Yiuf/quarterstaff of chaos (3)]
   230 | D        | Killed Crazy Yiuf
   230 | D        | Reached skill level 5 in Fighting
   230 | D        | Reached skill level 5 in Maces & Flails
   230 | D        | Reached skill level 6 in Armour
   230 | D        | Reached XP level 4. HP: 22/42 MP: 3/3
   410 | D        | Gained mutation: Your mind is acute. (Int +2) [potion of mutation]
   410 | D        | Gained mutation: You are partially covered in rugged brown scales (AC +1, +3% HP). [potion of mutation]
   410 | D        | Gained mutation: You occasionally shout uncontrollably at your foes. [potion of mutation]
   411 | D        | Lost mutation: Your mind is acute. (Int +2) [potion of mutation]
   411 | D        | Gained mutation: You can spit weak poison. [potion of mutation]
   411 | D        | Gained mutation: You sometimes yell uncontrollably at your foes. [potion of mutation]
   485 | D        | Killed a yaktaur
   625 | D        | Noticed a water elemental
   631 | D        | Killed a water elemental
   631 | D        | Reached skill level 7 in Armour
   631 | D        | Reached XP level 5. HP: 47/49 MP: 4/4
   643 | D        | Found an iron altar of Okawaru.
   643 | D        | Found a bloodstained altar of Trog.
   643 | D        | Noticed a human
   644 | D        | Noticed a human
   661 | D        | Killed a human
   661 | D        | Reached skill level 8 in Maces & Flails
   661 | D        | Reached XP level 6. HP: 22/59 MP: 5/5
   691 | D        | Killed a human
   691 | D        | Reached skill level 9 in Armour
   691 | D        | Reached skill level 5 in Dodging
   717 | D        | Became a worshipper of Warmaster Okawaru
   916 | D        | Found a glowing silver altar of Zin.
   916 | D        | Found a glowing golden altar of the Shining One.
   916 | D        | Found a white marble altar of Elyvilon.
   917 | D        | Noticed a deep elf priest
   925 | D        | Killed a deep elf priest
   925 | D        | Reached skill level 10 in Armour
   925 | D        | Reached skill level 10 in Shields
   925 | D        | Reached skill level 1 in Invocations
   925 | D        | Reached XP level 7. HP: 35/67 MP: 5/7
  1080 | D        | Found a radiant altar of Vehumet.
  1081 | D        | Noticed a wizard
  1081 | D        | Found a deep blue altar of Sif Muna.
  1081 | D        | Found an ancient bone altar of Kikubaaqudgha.
  1088 | D        | Killed a wizard
  1421 | D        | Found a basalt altar of Yredelemnul.
  1421 | D        | Found a snail-covered altar of Cheibriados.
  1421 | D        | Found a blossoming altar of Fedhas.
  1421 | D        | Noticed a necrophage
  1421 | D        | Noticed a necromancer
  1422 | D        | Killed a necromancer
  1425 | D        | Killed a necrophage
  1425 | D        | Reached skill level 10 in Maces & Flails
  1508 | D        | Killed a yaktaur
  1537 | D        | Noticed a jelly
  1538 | D        | Noticed a shadow
  1547 | D        | Killed a shadow
  1549 | D        | Killed a jelly
  1627 | D        | Found a stormy altar of Qazlal.
  1628 | D        | Found a sacrificial altar of Ru.
  1628 | D        | Found a burning altar of Makhleb.
  1628 | D        | Found a viscous altar of Jiyva.
  1628 | D        | Found a shimmering altar of Xom.
  1628 | D        | Found a shadowy altar of Dithmenos.
  1628 | D        | Found a sparkling altar of Nemelex Xobeh.
  1628 | D        | Found a corrupted altar of Lugonu.
  1628 | D        | Found an opulent altar of Gozag.
  1628 | D        | Noticed a spatial vortex
  1643 | D        | Killed a spatial vortex
  1643 | D        | Reached skill level 11 in Armour
  1643 | D        | Reached XP level 8. HP: 76/76 MP: 9/9
  1724 | D        | Noticed Erica
  1738 | D        | Killed Erica
  1738 | D        | Acquired Okawaru's first power
  1759 | D        | Noticed an earth elemental
  1780 | D        | Killed an earth elemental
  1780 | D        | Reached skill level 12 in Armour
  1791 | D        | Noticed a centaur
  1791 | D        | Noticed a centaur warrior
  1791 | D        | Noticed a centaur
  1804 | D        | Killed a centaur warrior
  1804 | D        | Reached skill level 5 in Invocations
  1804 | D        | Reached XP level 9. HP: 76/86 MP: 11/11
  1806 | D        | Killed a centaur
  1808 | D        | Killed a centaur
  2069 | D        | Killed an unseen horror
  2069 | D        | Reached skill level 13 in Armour
  2072 | D        | Killed an electric eel
  2090 | D        | Noticed a killer bee
  2090 | D        | Noticed a killer bee
  2090 | D        | Noticed a killer bee
  2090 | D        | Noticed a killer bee
  2090 | D        | Noticed a killer bee
  2090 | D        | Noticed a killer bee
  2090 | D        | Noticed a killer bee
  2090 | D        | Noticed a killer bee
  2090 | D        | Noticed a killer bee
  2090 | D        | Noticed a killer bee
  2090 | D        | Noticed a killer bee
  2090 | D        | Noticed a killer bee
  2090 | D        | Noticed a killer bee
  2090 | D        | Noticed a killer bee
  2090 | D        | Noticed a killer bee
  2091 | D        | Noticed a killer bee
  2092 | D        | Noticed a killer bee
  2092 | D        | Noticed a killer bee
  2092 | D        | Noticed a killer bee
  2093 | D        | Noticed a killer bee
  2093 | D        | Noticed a killer bee
  2096 | D        | Noticed a killer bee
  2096 | D        | Killed a killer bee
  2097 | D        | Noticed a killer bee
  2097 | D        | Noticed a killer bee
  2099 | D        | Killed a killer bee
  2101 | D        | Noticed a killer bee
  2102 | D        | Noticed a killer bee
  2103 | D        | Noticed a killer bee
  2106 | D        | Noticed a killer bee
  2111 | D        | Killed a killer bee
  2113 | D        | Noticed a queen bee
  2114 | D        | Noticed a killer bee
  2114 | D        | Killed a killer bee
  2114 | D        | Reached skill level 10 in Fighting
  2115 | D        | Noticed a killer bee
  2118 | D        | Noticed a killer bee
  2121 | D        | Killed a killer bee
  2124 | D        | Noticed a killer bee
  2125 | D        | Killed a killer bee
  2129 | D        | Killed a killer bee
  2137 | D        | Killed a killer bee
  2143 | D        | Killed a killer bee
  2154 | D        | Killed a killer bee
  2160 | D        | Killed a killer bee
  2165 | D        | Killed a killer bee
  2172 | D        | Killed a killer bee
  2173 | D        | Killed a killer bee
  2178 | D        | Killed a killer bee
  2181 | D        | Killed a killer bee
  2185 | D        | Killed a killer bee
  2185 | D        | Reached XP level 10. HP: 32/95 MP: 13/13
  2187 | D        | Killed a killer bee
  2194 | D        | Killed a killer bee
  2196 | D        | Killed a killer bee
  2199 | D        | Killed a killer bee
  2201 | D        | Killed a killer bee
  2203 | D        | Killed a killer bee
  2212 | D        | Killed a killer bee
  2218 | D        | Killed a killer bee
  2218 | D        | Reached skill level 14 in Shields
  2221 | D        | Killed a killer bee
  2223 | D        | Killed a killer bee
  2231 | D        | Killed a killer bee
  2236 | D        | Killed a killer bee
  2245 | D        | Killed a killer bee
  2249 | D        | Killed a killer bee
  2252 | D        | Killed a killer bee
  2263 | D        | HP: 4/96 [poisoned by a queen bee]
  2267 | D        | HP: 1/96 [poisoned by a queen bee]
  2268 | D        | Succumbed to a queen bee's poison

Vault maps used:
D:        dungeon_sprint_mu

Action                   |  1- 3 |  4- 6 |  7- 9 | 10-12 || total
-------------------------+-------+-------+-------+-------++-------
Melee: Flail             |    28 |    36 |   179 |    83 ||   326
  Use: Potion            |     2 |     2 |     1 |       ||     5
       Scroll            |       |     4 |       |       ||     4
  Eat: Bread ration      |       |     1 |       |       ||     1
